 Dungeon Crawl Stone Soup version 0.27.0-1-g7a089689b8 (webtiles) character file.

Game seed: 15651913723758858849

28 Ozzies the Skirmisher (level 2, -2/26 HPs)
             Began as a Palentonga Monk on Aug 1, 2021.
             Was a Priest of Nemelex Xobeh.
             Slain by an endoplasm (3 damage)
             ... on level 1 of the Dungeon.
             The game lasted 00:01:56 (1048 turns).

Ozzies the Skirmisher (Palentonga Monk)             Turns: 1048, Time: 00:01:56

Health: -2/26      AC:  4    Str: 14    XL:     2   Next: 96%
Magic:  2/2        EV: 10    Int: 10    God:    Nemelex Xobeh [***...]
Gold:   28         SH:  0    Dex: 12    Spells: 1/1 levels left

rFire    . . .     SeeInvis +     - Unarmed
rCold    . . .     Faith    .   (no shield)
rNeg     . . .     Spirit   .   a - +0 robe
rPois    .         Reflect  .   (no helmet)
rElec    .         Harm     .   (no cloak)
rCorr    .         Rampage  .   (no gloves)
Will     .....                  (no barding)
Stlth    ++........             (no amulet)
HPRegen  0.08/turn              (no ring)
MPRegen  0.08/turn              (no ring)

@: no status effects
A: large, rugged brown scales 3, see invisible, deformed body, roll 1, armoured
tail
a: Rolling Charge, Renounce Religion, Draw Escape, Draw Destruction, Draw
Summoning, Triple Draw


You were on level 1 of the Dungeon.
You worshipped Nemelex Xobeh.
Nemelex Xobeh was most pleased with you.
You visited 1 branch of the dungeon, and saw 1 of its levels.

You collected 28 gold pieces.

Inventory:

Missiles
 c - 17 stones
Armour
 a - a +0 robe (worn)
Jewellery
 e - a ring of protection from cold
Potions
 b - a potion of degeneration {unknown}
 d - a potion of attraction {unknown}


   Skills:
 + Level 4.2 Fighting
 - Level 2.4 Dodging
 - Level 1.2 Stealth
 - Level 3.0 Unarmed Combat


You had one spell level left.
You didn't know any spells.
Your spell library was empty.

Dungeon Overview and Level Annotations

Branches:
Dungeon (1/15)

Altars:
Nemelex Xobeh


Innate Abilities, Weirdness & Mutations

You are completely covered in rugged brown scales. (AC +3, +7% HP)
You have supernaturally acute eyesight. (SInv)
Armour fits poorly on your strangely shaped body.
You can roll at nearby foes to attack.
You have a long armoured tail.


Message History

You hit the kobold but do no damage. The kobold hits you but does no damage.
You closely miss the kobold.
The kobold hits you with a +2 dagger of speed.
You hit the kobold but do no damage. The kobold hits you but does no damage.
The kobold barely misses you.
You hit the kobold.
The kobold is severely wounded.
The kobold hits you with a +2 dagger of speed.
You closely miss the kobold.
The kobold is severely wounded.
The kobold hits you but does no damage.
The kobold hits you with a +2 dagger of speed.
An endoplasm comes into view.
There are monsters nearby!
There are monsters nearby!
You closely miss the kobold.
The kobold is severely wounded.
The kobold barely misses you.
You completely miss the kobold.
Your tail-slap misses the kobold.
The kobold is severely wounded.
The kobold hits you with a +2 dagger of speed.
The kobold barely misses you.
You hit the kobold but do no damage.
The kobold is severely wounded.
The kobold hits you but does no damage.
You closely miss the kobold. Your punch misses the kobold.
The kobold is severely wounded.
The kobold hits you with a +2 dagger of speed.
The kobold misses you.
Unknown command.
You see here a rat corpse.
The endoplasm jiggles.
The bat misses you. The bat hits you but does no damage.
The bat barely misses you. The bat closely misses you.
You see here a jackal corpse.
The bat hits you but does no damage. The bat hits you but does no damage.
The bat closely misses you. The bat barely misses you.
The bat hits you but does no damage. The bat barely misses you.
The bat closely misses you. The bat closely misses you.
The bat hits you but does no damage. The bat barely misses you.
The bat hits you. The bat barely misses you.
The jackal barks!
The bat closely misses you. The bat hits you but does no damage.
The bat barely misses you. The bat closely misses you.
The bat closely misses you.
You barely miss the bat. The bat hits you.
You barely miss the bat. The bat barely misses you.
You hit the bat.
You kill the bat!
You hit the quokka.
Your tail-slap misses the quokka.
The quokka is heavily wounded.
The quokka barely misses you. The quokka bites you.
You hit the quokka but do no damage.
The quokka is heavily wounded.
The quokka completely misses you.
You barely miss the quokka.
The quokka is heavily wounded.
The quokka bites you.
You hit the quokka.
The quokka is almost dead.
The quokka closely misses you.
You hit the quokka but do no damage.
The quokka is almost dead.
The quokka bites you.
* * * LOW HITPOINT WARNING * * *
You closely miss the quokka.
Your tail-slap misses the quokka.
The quokka is almost dead.
The quokka closely misses you.
You closely miss the quokka.
The quokka is almost dead.
The quokka bites you.
* * * LOW HITPOINT WARNING * * *
You hit the quokka but do no damage.
Your tail-slap misses the quokka.
The quokka is almost dead.
The quokka barely misses you.
The endoplasm jiggles.
You hit the quokka.
You kill the quokka!
You hit the jackal. You tail-slap the jackal.
You kill the jackal!
You hit the kobold.
The kobold is moderately wounded.
The kobold hits you with a +2 dagger of speed.
* * * LOW HITPOINT WARNING * * *
You hit the kobold.
You kill the kobold!
The kobold throws a stone.
The stone hits you but does no damage.
You hit the endoplasm.
The endoplasm is heavily wounded.
The endoplasm hits you.
* * * LOW HITPOINT WARNING * * *
You hit the endoplasm. You tail-slap the endoplasm.
The endoplasm is almost dead.
The endoplasm hits you.
You die...
Your body glows with a rainbow of weird colours and disappears.

.##.#..J##..##...#
########.##.##..##..##...#
#........##.##.##....##..#
##...>.#.#......##....##..#
..........##.##.#......#..#
#......#.......#..##..#..#####
#.........#.##.K.# #.......).#
#.#.#......###J## #.#######.#
#...._...### #@# #.# #.###
#####.#.#....###.## #.# #....
........####.##...###.###########
#####รท### #..........=.......
#.# #####...###.######## #.#
.........# #..# #.#
.#######.###..# #.# #......# #.#
#......#


You could see an endoplasm and a kobold.

Vanquished Creatures
  2 dart slugs (D:1)
  2 bats (D:1)
  2 endoplasms (D:1)
  A giant cockroach (D:1)
  2 hobgoblins (D:1)
  5 jackals (D:1)
  2 kobolds (D:1)
  A quokka (D:1)
  A frilled lizard (D:1)
  2 rats (D:1)
20 creatures vanquished.

Notes
Turn   | Place    | Note
-------+----------+-------------------------------------------
     0 | D:1      | Ozzies the Palentonga Monk began the quest for the Orb.
     0 | D:1      | Reached XP level 1. HP: 19/19 MP: 1/1
    13 | D:1      | Found a faded altar of an unknown god.
    66 | D:1      | Reached XP level 2. HP: 9/25 MP: 2/2
   430 | D:1      | Became a worshipper of Nemelex Xobeh the Trickster
   430 | D:1      | Reached * piety under Nemelex Xobeh
   430 | D:1      | Received a gift from Nemelex Xobeh
   430 | D:1      | Reached ** piety under Nemelex Xobeh
   430 | D:1      | Received a gift from Nemelex Xobeh
   849 | D:1      | Reached skill level 4 in Fighting
   904 | D:1      | Reached *** piety under Nemelex Xobeh
  1047 | D:1      | HP: 1/26 [endoplasm (1)]
  1048 | D:1      | Slain by an endoplasm

Illustrated notes

Levels and vault maps discovered:
D:1:      co_arrival_hexagon_in_a_hexagon, layout_loops_ring,
          basic_ecumenical_altar, minmay_misc_feat_x,
          hangedman_decor_clover_reticule

Skill      XL: |  1  2 |
---------------+-------+-----
Fighting       | 4 |  4.2
Dodging        | |  2.4
Stealth        | |  1.2
Unarmed Combat | |  3.0

Action                   || total
-------------------------++-------
Melee: Unarmed           ||   110
       Tailslap          ||     6
       Punch             ||     1
 Stab: Sleeping          ||     2
Armor: Robe              ||    48
Dodge: Dodged            ||    68
